 Dungeon Crawl Stone Soup version 0.28.0 (webtiles) character file.

Game seed: 12305312042382797759

100 mopl the Slasher (level 4, -5/37 HPs)
             Began as a Merfolk Berserker on Feb 12, 2022.
             Was a Believer of Trog.
             Killed from afar by an orc wizard (7 damage)
             ... with a magic dart
             ... on level 3 of the Dungeon.
             The game lasted 00:02:18 (1900 turns).

mopl the Slasher (Merfolk Berserker)                Turns: 1900, Time: 00:02:20

Health: -5/37      AC:  2    Str: 19    XL:     4   Next: 73%
Magic:  4/4        EV: 13    Int:  6    God:    Trog [**....]
Gold:   64         SH:  0    Dex: 13    Spells: 3/3 levels left

rFire   . . .      SeeInvis .   a - +0 falchion
rCold   . . .      Faith    .   (no shield)
rNeg    . . .      Spirit   .   b - +0 animal skin
rPois   .          Reflect  .   (no helmet)
rElec   .          Harm     .   (no cloak)
rCorr   .          Rampage  .   (no gloves)
Will    .....                   (no boots)
Stlth   +.........              i - amulet of regeneration
HPRegen 0.92/turn               (no ring)
MPRegen 0.09/turn               (no ring)

@: on berserk cooldown, slowed, very slow
A: (nimble swimmer 2), mertail
a: Renounce Religion, Berserk, Trog's Hand


You were on level 3 of the Dungeon.
You worshipped Trog.
Trog was pleased with you.
You visited 1 branch of the dungeon, and saw 3 of its levels.

You collected 64 gold pieces.

Inventory:

Hand Weapons
 a - a +0 falchion (weapon)
Missiles
 k - 4 poisoned darts (quivered)
Armour
 b - a +0 animal skin (worn)
Jewellery
 f - an amulet of reflection
 i - an amulet of regeneration (around neck)
 n - a ring of fire
Scrolls
 d - 2 scrolls of identify {unknown}
 e - a scroll of fear {unknown}
 g - 2 scrolls of enchant armour {unknown}
 j - a scroll of noise {unknown}
Potions
 c - 3 potions of lignification {unknown}
 h - a potion of resistance {unknown}
 l - a potion of mutation {unknown}
 m - 2 potions of ambrosia {unknown}
 o - a potion of might {unknown}


   Skills:
 + Level 3.9 Fighting
 * Level 4.5 Long Blades
 + Level 2.0 Armour
 + Level 3.6 Dodging


You had 3 spell levels left.
You didn't know any spells.
Your spell library was empty.

Dungeon Overview and Level Annotations

Branches:
Dungeon (3/15)

Altars:
Fedhas

Shops:
D:1 [([


Innate Abilities, Weirdness & Mutations

((You are very nimble when in or above water. (Stealth+, EV+, Speed+++)))
Your lower body shifts to a powerful aquatic tail in water.


Message History

You barely miss the orc. Something hits you but does no damage.
The orc misses you. Something barely misses you.
You hit the orc.
The orc is moderately wounded.
The orc barely misses you. Something hits you. The orc barely misses you.
Something hits you but does no damage. Something hits you.
The orc barely misses you.
You bump into the rock wall.
You feel less confused. Something hits you but does no damage.
The orc hits you with a +0 club.
You hit the orc but do no damage.
The orc is moderately wounded.
Something hits you. The orc hits you but does no damage.
You hear some strange, mumbled words.
A magic dart appears from out of thin air!
The magic dart hits you! The orc hits you with a +0 club.
You slash the orc!
You kill the orc!
Trog accepts your kill. Something barely misses you.
You hear some strange, mumbled words.
A puff of flame appears from out of thin air!
The puff of flame hits you!
Your Armour skill increases to level 2!
You miss something. Something hits you. x2
You hit something.
An orc wizard appears from thin air!
Reactivating autopickup.
The orc wizard hits you with a +0 dagger.
You hit the orc wizard.
The orc wizard is moderately wounded.
The orc wizard hits you with a +0 dagger. x2
* * * LOW HITPOINT WARNING * * *
You slash the orc wizard!
The orc wizard is severely wounded.
The orc wizard casts a spell at you. The puff of flame hits you!
* * * LOW HITPOINT WARNING * * *
The orc wizard casts a spell at you. The magic dart hits you!
You die...

### ..# ...# ...## ......
###### #######......
#....#######..@o))....).
###.##.........###.######.
................†.........
###.##......##......#####.
#)###.###.##.##...# ###.#
#.###.##.#..[.#
#<#.###.....##.#....#
......#.###.#.......#
............####....#


You could see an orc wizard.

Vanquished Creatures
  4 adders
  A worm (D:2)
  2 dart slugs
  5 orcs (D:3)
  4 bats (D:1)
  3 giant cockroaches
  6 goblins
  4 hobgoblins
  3 jackals (D:2)
  3 kobolds
  A quokka (D:2)
  4 ball pythons
  8 frilled lizards
  6 rats
54 creatures vanquished.

Notes
Turn   | Place    | Note
-------+----------+-------------------------------------------
     0 | D:1      | mopl the Merfolk Berserker began the quest for the Orb.
     0 | D:1      | Reached XP level 1. HP: 18/18 MP: 1/1
    32 | D:1      | Found Jelasm's Weapon Shop.
   263 | D:1      | Found Tusoito's Antique Armour Shop.
   273 | D:1      | Reached XP level 2. HP: 20/24 MP: 2/2
   299 | D:1      | Reached skill level 3 in Dodging
   620 | D:1      | Found Uxarocypno's Armour Boutique.
   828 | D:1      | Reached XP level 3. HP: 28/29 MP: 3/3
   936 | D:2      | Reached ** piety under Trog
   940 | D:2      | Reached skill level 4 in Long Blades
  1234 | D:2      | Reached XP level 4. HP: 30/37 MP: 4/4
  1496 | D:2      | Found a blossoming altar of Fedhas.
  1647 | D:2      | Found a faded altar of an unknown god.
  1896 | D:3      | Reached skill level 2 in Armour
  1900 | D:3      | Killed from afar by an orc wizard

Illustrated notes

Levels and vault maps discovered:
D:1:      shiori_arrival_oz, layout_basic, serial_shops,
          nicolae_shop_bloodbath_and_beyond, shop, nicolae_shop_stone
D:2:      layout_basic, basic_ecumenical_altar, basic_altar
D:3:      layout_basic, serial_bayou_pond_e

Skill      XL: |  1  2  3  4 |
---------------+-------------+-----
Dodging        | 3 |  3.6
Long Blades    | 4 |  4.5
Armour         | 2 |  2.0
Fighting       | |  3.9

Action                   |  1- 3 |  4- 6 || total
-------------------------+-------+-------++-------
Melee: Falchion          |   121 |    69 ||   190
       Punch             |     1 |     1 ||     2
Invok: Berserk           |     2 |     1 ||     3
 Stab: Sleeping          |     2 |     2 ||     4
Armor: Animal skin       |    19 |     8 ||    27
Dodge: Dodged            |    82 |    39 ||   121
Block: Other             |     3 |     3 ||     6
